[Event "*** Titled Tuesday Blitz"]
[Site "Chess.com"]
[Date "2020.12.29"]
[Round "3"]
[White "Schack-Hugo"]
[Black "ChronicUnhappiness"]
[Result "1-0"]
[WhiteElo "2174"]
[BlackElo "2325"]
[TimeControl "180+1"]
[EndTime "10:28:33 PST"]
[Termination "Schack-Hugo won by resignation"]

1. e4 Nf6 2. e5 Nd5 3. c4 Nb6 4. d4 d6 5. exd6 exd6 6. Nc3 Be7 7. Be3 O-O 8. Rc1 Bf6 9. Be2 Nc6 10. b3 Bf5 11. Nf3 Re8 12. O-O h6 13. d5 Ne5 14.
Nd4 Bg6 15. Qd2 Ned7 16. Rce1 Nc5 17. b4 Ne4 18. Nxe4 Rxe4 19. Bd3 Re7 20. Bxg6 fxg6 21. Qd3 Bxd4 22. Bxd4 Kh7 23. f4 Rxe1 24. Rxe1 Qf8 25.
Re6 Qf7 26. Qe4 Rg8 27. c5 dxc5 28. bxc5 Nd7 29. Re7 Nf6 30. Qe6 Qxe6 31. dxe6 Nd5 32. Rf7 b6 33. c6 a5 34. e7 g5 35. e8=Q Rxe8 36. Rxg7+ Kh8 37. Re7+ Kg8 38. Rxe8+ Kf7 39. Re4 gxf4 40. Re5 Ne7 41. Re4 Nxc6 42. Rxf4+ Ke6 43. Bf2 b5 44. Rh4 b4 45. Rxh6+ Kd5 46. Rxc6 Kxc6 47. Kf1 Kd5 48. Ke1 c5 49. Kd1 c4 50. Kc2 c3 51.
Be1 Kc4 52. Bxc3 bxc3 53. g4 Kd4 54. g5 Ke5 55. Kxc3 Kf5 56. h4 Kg6 57. Kc4 Kh5 58.
Kb5 Kxh4 59. g6 Kg5 60. g7 Kf6 61. g8=Q Ke7 62. Qb3 Kd6 63. Qa4 Kc7 64. Qxa5+ 1-0

[Event "*** Titled Tuesday Blitz"]
[Site "Chess.com"]
[Date "2020.12.29"]
[Round "3"]
[White "Oleksandr_Bortnyk"]
[Black "PenguinPacks"]
[Result "1-0"]
[WhiteElo "2922"]
[BlackElo "2462"]
[TimeControl "180+1"]
[EndTime "10:28:34 PST"]
[Termination "Oleksandr_Bortnyk won by resignation"]

1. e4 c6 2. c4 d5 3. cxd5 cxd5 4. exd5 Nf6 5. Qa4+ Nbd7 6. Nc3 g6 7. Bc4 Bg7 8. d3 O-O 9. Nf3 Nb6 10. Qb3 Bf5 11.
O-O Rc8 12. Re1 Nfd7 13. Be3 Nc5 14. Bxc5 Rxc5 15. a4 Bxc3 16. bxc3 Nxd5 17. Re5 Be6 18. Rae1 Qd6 19. Ng5 Nc7 20. Rxc5 Qxc5 21. Nxe6 fxe6 22. d4 Qd6 23. Bxe6+ Kg7 24. Bg4 Rf6 25. Bf3 b6 26. h3 e6 27. Qc4 Rf7 28. Qe2 Re7 29. Qe5+ Qxe5 30. Rxe5 Rd7 31. Kf1 Kf6 32. Ke2 Ne8 33. g4 Nd6 34. g5+ Kf7 35. Bg4 Re7 36. Kd3 Rd7 37. Bxe6+ Ke7 38. Bxd7+ Kxd7 39. Rd5 Kc6 40.
Rxd6+ Kxd6 41. c4 a6 42. Ke4 b5 43. cxb5 axb5 44. axb5 1-0

[Event "*** Titled Tuesday Blitz"]
[Site "Chess.com"]
[Date "2020.12.29"]
[Round "3"]
[White "beto-betun"]
[Black "Nara_Kh"]
[Result "0-1"]
[WhiteElo "2173"]
[BlackElo "2355"]
[TimeControl "180+1"]
[EndTime "10:28:34 PST"]
[Termination "Nara_Kh won by checkmate"]

1. d4 f5 2. Nf3 Nf6 3. g3 g6 4. Bg2 Bg7 5. O-O O-O 6. c4 d6 7.
Nc3 Nbd7 8. Ng5 Nb6 9. Qb3 c5 10. d5 Ng4 11. Ne6 Bxe6 12. dxe6 Rb8 13. Nd5 Nxd5 14.
Bxd5 b5 15. cxb5 a6 16. a4 Qa5 17. Bg5 Nf6 18. Bxf6 Bxf6 19. Bc4 Rfd8 20. Rfd1 Kg7 21.
Rd5 axb5 22. Bxb5 Rb6 23. Rad1 Rdb8 24. Qc2 Qb4 25. b3 f4 26. Qc4 fxg3 27. hxg3 Qa3 28. Kg2 Be5 29. f4 Bf6 30. Rh1 Qb2 31. f5 Be5 32.
Qh4 Rxb5 33. Qxh7+ Kf6 34. Qh4+ g5 35. Qh6+ Kxf5 36.
Rf1+ Ke4 37. Rd3 Qxe2+ 38. Kh3 Qxf1+ 39. Kg4 Qf5+ 40. Kh5 g4+ 41. Qg5 Rh8# 0-1

[Event "*** Titled Tuesday Blitz"]
[Site "Chess.com"]
[Date "2020.12.29"]
[Round "3"]
[White "PotapovaM"]
[Black "andrewtnb"]
[Result "1-0"]
[WhiteElo "2545"]
[BlackElo "2357"]
[TimeControl "180+1"]
[EndTime "10:28:35 PST"]
[Termination "PotapovaM won by resignation"]

1. e4 c6 2. Nf3 d5 3. d3 dxe4 4. dxe4 Qxd1+ 5. Kxd1 Nd7 6. c3 Nc5 7. Nbd2 Nf6 8. e5 Ng4 9. Ke1 Bf5 10. h3 Nh6 11.
Nb3 Nd3+ 12. Bxd3 Bxd3 13. Nc5 O-O-O 14. Bxh6 gxh6 15. Rd1 Ba6 16. Rxd8+ Kxd8 17. Nxa6 bxa6 18. Ke2 e6 19. g4 Kc7 20. Nd2 Be7 21. Nc4 Rg8 22. f4 h5 23. Kf3 h4 24. Rd1 h6 25.
Ke4 Rb8 26. Rf1 Rb5 27. f5 Kd7 28. Rd1+ Rd5 29. Rf1 Ke8 30. f6 Bf8 31. Rg1 Rc5 32. b3 a5 33. g5 hxg5 34. Rxg5 a4 35. Rg8 Rd5 36. Nd6+ Rxd6 37. exd6 axb3 38. axb3 a5 39. Ke5 c5 40. c4 1-0

[Event "*** Titled Tuesday Blitz"]
[Site "Chess.com"]
[Date "2020.12.29"]
[Round "3"]
[White "j2806"]
[Black "Spriteball"]
[Result "0-1"]
[WhiteElo "1998"]
[BlackElo "2309"]
[TimeControl "180+1"]
[EndTime "10:28:35 PST"]
[Termination "Spriteball won on time"]

1. e4 e5 2. Nf3 Nc6 3. Bb5 a6 4. Ba4 Nf6 5. d3 b5 6. Bb3 Be7 7. c3 O-O 8. O-O d5 9. exd5 Nxd5 10. Re1 Bg4 11. h3 Bh5 12. Nbd2 Nf4 13. d4 Nd3 14. Re2 Nxc1 15. Rxc1 exd4 16. cxd4 Nxd4 17. Re3 Nxf3+ 18. Nxf3 Bf6 19. Qc2 c5 20. a3 c4 21. Ba2 Bg6 22. Qe2 Bd3 23. Qd2 Qb6 24. b3 Rfd8 25. Qb4 a5 26.
Qe1 Bb2 27. Rd1 Bxa3 28. bxc4 bxc4 29. Ne5 Bb4 30. Nxc4 Bxc4 31. Rxd8+ Qxd8 32. Qa1 Bxa2 33. Qxa2 a4 34. Re4 Qd1+ 35. Kh2 a3 36. Rxb4 Qd6+ 37.
g3 Qxb4 38. Qd5 Qa5 39. Qa2 Qb4 40. Qd5 Rf8 0-1

[Event "*** Titled Tuesday Blitz"]
[Site "Chess.com"]
[Date "2020.12.29"]
[Round "3"]
[White "MokshanovAlexey"]
[Black "AlexeiShirov"]
[Result "1/2-1/2"]
[WhiteElo "2619"]
[BlackElo "2827"]
[TimeControl "180+1"]
[EndTime "10:28:36 PST"]
[Termination "Game drawn - insufficient material"]

1. e4 e5 2. Nf3 Nc6 3. d4 exd4 4. Nxd4 Qf6 5. Nxc6 Bc5 6. Qf3 Qxf3 7. gxf3 bxc6 8. Nd2 d5 9. Nb3 Bd6 10. c4 Ne7 11.
Be3 O-O 12. O-O-O dxe4 13. fxe4 Ng6 14. c5 Bf4 15. Bxf4 Nxf4 16. Bc4 Bg4 17. Rd2 Rfe8 18. f3 Bxf3 19. Rf1 Rxe4 20. Rd4 Rxd4 21. Nxd4 Bd5 22. Rxf4 Bxc4 23. Nxc6 Bxa2 24. Ra4 Be6 25. Nxa7 g5 26. b4 h5 27. b5 h4 28. Kd2 Kg7 29. Ke3 Kg6 30. Kd4 Rd8+ 31. Ke3 Rd1 32. Nc6 Re1+ 33. Kf2 Rb1 34. Rb4 Rxb4 35. Nxb4 Kf5 36. Na6 c6 37. b6 Bc8 38. Nc7 Ke5 39. Ne8 Kd5 40.
Nd6 Ba6 41. b7 Bxb7 42. Nxb7 g4 43. Ke3 f5 44. Kf4 Kd4 45. Nd6 Kxc5 46. Nxf5 g3 47. hxg3 hxg3 48. Nxg3 Kb4 49. Ne4 c5 50. Nxc5 1/2-1/2

[Event "*** Titled Tuesday Blitz"]
[Site "Chess.com"]
[Date "2020.12.29"]
[Round "3"]
[White "annacramling"]
[Black "andriipalchuk"]
[Result "0-1"]
[WhiteElo "2069"]
[BlackElo "2475"]
[TimeControl "180+1"]
[EndTime "10:28:36 PST"]
[Termination "andriipalchuk won on time"]

1. d4 Nf6 2. c4 e6 3. Nc3 Bb4 4. Qc2 d5 5. cxd5 exd5 6. Bg5 h6 7. Bh4 g5 8. Bg3 Nc6 9. e3 h5 10. h4 Ne4 11. Bd3 Nxg3 12. fxg3 Qe7 13. Qd2 Nxd4 14. O-O-O Ne6 15. Nf3 g4 16. Nd4 c6 17. Nf5 Qf8 18. Qc2 Bd7 19. e4 d4 20. Ne2 O-O-O 21. Nexd4 Nxd4 22. Nxd4 Kb8 23. Nf5 Qc5 24. Qxc5 Bxc5 25. Rhf1 f6 26.
Kb1 Bc8 27. Bc4 Rde8 28. Bd3 Kc7 29. Ng7 Re7 30. Nf5 Rf7 31. a3 Be6 32. b4 Bb6 33. Kb2 a5 34. b5 Rd8 35. bxc6 bxc6 36. Bc2 Rb8 37. Kc1 Bc5 38. Kd2 Bxa3 39. Rb1 Bb4+ 40. Kd3 Rd8+ 41. Ke2 Bc4+ 42. Ke3 Bc5+ 43. Kf4 Bxf1 0-1

[Event "*** Titled Tuesday Blitz"]
[Site "Chess.com"]
[Date "2020.12.29"]
[Round "3"]
[White "GMBenjaminBok"]
[Black "Harry_Rakkel"]
[Result "1-0"]
[WhiteElo "2885"]
[BlackElo "2638"]
[TimeControl "180+1"]
[EndTime "10:28:37 PST"]
[Termination "GMBenjaminBok won by resignation"]

1. d4 Nf6 2. c4 e6 3. Nf3 d5 4.
Nc3 Nbd7 5. cxd5 exd5 6. Bg5 Be7 7. e3 O-O 8. Bd3 Re8 9. Qc2 c6 10. h3 Nf8 11. Bf4 Bd6 12. Bxd6 Qxd6 13. O-O Be6 14. Rab1 g6 15. b4 Rac8 16. Rfc1 N8d7 17. Na4 b5 18. Nc5 Nb6 19. a4 bxa4 20. Nxa4 Nfd7 21. Nc5 Qe7 22. Ra1 Rc7 23. Ra5 Qf6 24. Kh2 Nc8 25. Nxd7 Bxd7 26. Ne5 Rxe5 27. dxe5 Qxe5+ 28. Kg1 Nd6 29. Qc3 Qg5 30. Kf1 Bf5 31. Rc5 Be4 32. f3 Nf5 33.
fxe4 Nxe3+ 34. Ke2 Nxg2 35. Bb1 Nf4+ 36. Kd1 d4 37. Qf3 d3 38. Rxg5 1-0

[Event "*** Titled Tuesday Blitz"]
[Site "Chess.com"]
[Date "2020.12.29"]
[Round "3"]
[White "Onischuk_V"]
[Black "vladjianu"]
[Result "1-0"]
[WhiteElo "2801"]
[BlackElo "2575"]
[TimeControl "180+1"]
[EndTime "10:28:37 PST"]
[Termination "Onischuk_V won by resignation"]

1. e4 d6 2. d4 Nf6 3. Nc3 g6 4. f4 Bg7 5. Nf3 O-O 6. e5 dxe5 7. dxe5 Qxd1+ 8. Nxd1 Nfd7 9. Ne3 Nc6 10. Bd2 Nb6 11.
O-O-O f6 12. exf6 exf6 13. h4 Be6 14. h5 Rad8 15. h6 Bh8 16. f5 gxf5 17. Bd3 f4 18. Bf5 Rfe8 19. Bxe6+ Rxe6 20. Nf5 Rd5 21. N3h4 Ne7 22. Nxe7+ Rxe7 23. Bxf4 Kf7 24. b3 f5 25.
c4 Rxd1+ 26. Rxd1 Be5 27. Rf1 Bf6 28. Nxf5 Re2 29. Bd2 Kg6 30. g4 Nd7 31. Kd1 Rh2 32.
g5 Bxg5 33. Bxg5 Kxg5 34. Ne3 Rxa2 35. Rf7 Ne5 36. Rxh7 Kf4 37. Nd5+ Ke4 38. Nc3+ 1-0

[Event "*** Titled Tuesday Blitz"]
[Site "Chess.com"]
[Date "2020.12.29"]
[Round "3"]
[White "skoularikii"]
[Black "Keranke"]
[Result "0-1"]
[WhiteElo "2606"]
[BlackElo "2826"]
[TimeControl "180+1"]
[EndTime "10:28:38 PST"]
[Termination "Keranke won by resignation"]

1. e4 g6 2. d4 Bg7 3. Nf3 d6 4. h3 Nc6 5. Bb5 a6 6. Ba4 b5 7. Bb3 Na5 8. Nc3 Nxb3 9. axb3 Bb7 10. O-O b4 11. Nd5 Bxd5 12. exd5 Nf6 13. Qe2 Nxd5 14. Qc4 e6 15. Qc6+ Ke7 16. Bg5+ Bf6 17. Rfe1 Bxg5 18. Nxg5 Nf6 19. Rxa6 Rxa6 20. Qxa6 h6 21. Nf3 Qa8 22.
Qc4 Nd5 23. Nd2 Kf6 24. c3 Qa5 25. Qc6 Kg7 26. c4 Nf6 27. c5 d5 28. Nf3 Re8 29.
Ne5 Re7 30. g3 Qa2 31. Re3 Qxb2 32. Rf3 Qxd4 33. Nd3 Ne4 34. Qb5 e5 35. Nxb4 Qd1+ 36. Kg2 Nd2 37. Re3 d4 38. Re2 Qf1+ 0-1

[Event "*** Titled Tuesday Blitz"]
[Site "Chess.com"]
[Date "2020.12.29"]
[Round "3"]
[White "Semen_Khanin"]
[Black "GelmanAlexander"]
[Result "1-0"]
[WhiteElo "2800"]
[BlackElo "2572"]
[TimeControl "180+1"]
[EndTime "10:28:38 PST"]
[Termination "Semen_Khanin won on time"]

1. e4 c5 2. Nf3 e6 3. d4 cxd4 4. Nxd4 a6 5. c4 b6 6. Nc3 Bb7 7. a3 d6 8. Be3 Nd7 9. Be2 Ngf6 10. f3 Rc8 11. O-O h6 12. Rc1 g5 13. b4 Rg8 14. Qd2 g4 15. Bxh6 gxf3 16. Bxf3 Bxh6 17. Qxh6 Rxc4 18. Nxe6 fxe6 19. Bh5+ Ke7 20. Qh7+ Nxh7 21. Rf7+ Ke8 22. Rxh7+ Rg6 23. Bxg6+ Kf8 24. Rh8+ Ke7 25. Rxd8 Kxd8 26. h4 Ne5 27. h5 Nxg6 28.
hxg6 Ke7 29. Rf1 Bxe4 30. Rf7+ Ke8 31. Nxe4 Rxe4 32. Rb7 Kf8 33. Rxb6 a5 34. bxa5 d5 35. Rb4 Re3 36. Ra4 1-0

[Event "*** Titled Tuesday Blitz"]
[Site "Chess.com"]
[Date "2020.12.29"]
[Round "3"]
[White "GoltsevDmitry2000"]
[Black "Das_Virus_2020"]
[Result "1-0"]
[WhiteElo "2701"]
[BlackElo "2503"]
[TimeControl "180+1"]
[EndTime "10:28:38 PST"]
[Termination "GoltsevDmitry2000 won by resignation"]

1. e4 e6 2. Nf3 d5 3. exd5 exd5 4. d4 Nf6 5. Bd3 Bd6 6. O-O O-O 7. h3 h6 8. Nc3 Be6 9. Re1 Re8 10. Ne5 Nc6 11. Bb5 Bd7 12. f4 Bb4 13. Qd3 a6 14. Bxc6 Bxc6 15. Bd2 Bxc3 16. Bxc3 Bb5 17. Qf3 Ne4 18. Re3 f6 19. Ng4 Nxc3 20. bxc3 Rxe3 21. Nxe3 Bc6 22. Nf5 Qd7 23. Qg4 Kf8 24. Re1 Re8 25.
Rxe8+ Kxe8 26. Nxg7+ Kd8 27. f5 Kc8 28. Ne6 b6 29. Qg6 Kb7 30. Qxf6 Ba4 31. Qe5 Bxc2 32. f6 Bg6 33. Nf8 Qf7 34. Nxg6 Qxg6 35. Qxd5+ Ka7 36.
Qe5 Kb7 37. Qf4 Qf7 38. c4 a5 39. d5 a4 40. a3 Kb8 41. d6 cxd6 42. Qxd6+ Ka8 43. Qd5+ 1-0

[Event "*** Titled Tuesday Blitz"]
[Site "Chess.com"]
[Date "2020.12.29"]
[Round "3"]
[White "LimeInTheCoconut"]
[Black "Ajedrez_con_German"]
[Result "1-0"]
[WhiteElo "2364"]
[BlackElo "2525"]
[TimeControl "180+1"]
[EndTime "10:28:38 PST"]
[Termination "LimeInTheCoconut won on time"]

1. e4 e6 2. d3 c5 3. Nd2 Nc6 4.
Ngf3 g6 5. c3 Bg7 6. Be2 Nge7 7.
h4 h6 8. O-O d6 9. Re1 e5 10.
a4 O-O 11. Nc4 Bg4 12. Nfxe5 Bxe2 13. Nxc6 Nxc6 14. Qxe2 Qxh4 15. g3 Qe7 16. Kg2 Ne5 17.
Ne3 h5 18. f4 Nd7 19. Nd5 Qd8 20. g4 hxg4 21. Qxg4 Nf6 22. Nxf6+ Qxf6 23. Rh1 Rfe8 24.
Be3 Qe6 25. Qxe6 Rxe6 26. a5 c4 27. Kf3 cxd3 28. Rhd1 Rae8 29. Rxd3 Rxe4 30. Bxa7 Bh6 31.
Be3 f5 32. Ra3 R8e7 33. Rb3 Kf7 34. Rb6 R7e6 35. Rxb7+ Ke8 36. a6 Re7 37. a7 1-0

[Event "*** Titled Tuesday Blitz"]
[Site "Chess.com"]
[Date "2020.12.29"]
[Round "3"]
[White "Agibileg"]
[Black "Skat2704"]
[Result "0-1"]
[WhiteElo "2529"]
[BlackElo "2378"]
[TimeControl "180+1"]
[EndTime "10:28:39 PST"]
[Termination "Skat2704 won on time"]

1. d4 d5 2. c4 e6 3. Nc3 Nf6 4. cxd5 exd5 5. Bg5 Be7 6. e3 h6 7. Bf4 O-O 8. Qc2 b6 9. Bd3 Bb7 10. Nf3 c5 11. O-O Na6 12. Qe2 Nc7 13. Rad1 Ne6 14. Be5 Nd7 15. Bb1 Nxe5 16. dxe5 d4 17. exd4 Bxf3 18. Qxf3 Nxd4 19. Qe4 g6 20. Nb5 Qc8 21.
Nxd4 cxd4 22. Rxd4 Bc5 23. Rd3 Qe6 24. Rh3 h5 25.
Rxh5 f5 26. exf6 Qxe4 27. Bxe4 gxh5 28. Bxa8 Rxa8 29. Rd1 Kf7 30. Rd7+ Kxf6 31. Kf1 a5 32. f3 Re8 33. Rh7 Kg6 34. Rd7 Re6 35. g4 hxg4 36.
fxg4 Kg5 37. h3 Kh4 38. Rd3 Rf6+ 39. Ke1 Bf2+ 40. Kd2 Bg3 41. Kc2 Kxh3 42. g5 Rf2+ 43. Kb3 Kg4 44. g6 Be5 45. Rd5 Bxb2 46. Rd6 Be5 47. Re6 Kf5 48. Rc6 Rg2 0-1

[Event "*** Titled Tuesday Blitz"]
[Site "Chess.com"]
[Date "2020.12.29"]
[Round "3"]
[White "Yoda1992"]
[Black "ulkaf961"]
[Result "1/2-1/2"]
[WhiteElo "2497"]
[BlackElo "2266"]
[TimeControl "180+1"]
[EndTime "10:28:39 PST"]
[Termination "Game drawn by repetition"]

1. d4 d5 2. Bf4 Nf6 3. e3 e6 4. Bd3 Bd6 5. Bg3 O-O 6. f4 c5 7. c3 cxd4 8. exd4 Ne4 9. Qc2 f5 10.
Nf3 Nc6 11. Nbd2 Bd7 12. Bh4 Qb6 13. Ne5 Bxe5 14. fxe5 Rac8 15. Nb3 Nb4 16. Qd1 Nxd3+ 17. Qxd3 Bb5 18. Qf3 a5 19. Bf2 Ba6 20. Rb1 a4 21. Nc5 Nxc5 22. dxc5 Qc7 23. Bd4 Bc4 24. b3 axb3 25.
axb3 Ba6 26. Kd2 f4 27. Ra1 Rf5 28. h4 Rxe5 29. Bxe5 Qxe5 30. Rhe1 Qf5 31. Rxa6 bxa6 32. Qe2 Kf7 33. Qxa6 Re8 34. Qd6 Ra8 35. Ke2 Ra2+ 36. Kf1 Qg4 37. Qd7+ Kf6 38. Qd8+ Kf7 39. Qd7+ Kf6 40.
Qd8+ Kf7 41. Qd7+ 1/2-1/2

[Event "*** Titled Tuesday Blitz"]
[Site "Chess.com"]
[Date "2020.12.29"]
[Round "3"]
[White "gatocorbis"]
[Black "Nemsko"]
[Result "1/2-1/2"]
[WhiteElo "2053"]
[BlackElo "2304"]
[TimeControl "180+1"]
[EndTime "10:28:39 PST"]
[Termination "Game drawn by repetition"]

1. e4 c5 2. c3 d6 3. d4 cxd4 4. cxd4 e6 5. Nf3 Nf6 6. Nc3 Nc6 7. h3 Be7 8. Be3 O-O 9. Qd2 a6 10. Be2 b5 11. a3 Bb7 12. O-O Nd7 13. d5 Nce5 14. Nxe5 Nxe5 15. Rfd1 Rc8 16. Bf4 Ng6 17.
Bg3 e5 18. Bg4 Rc7 19. Rac1 Bg5 20. Qd3 Bxc1 21. Rxc1 Bc8 22. Bf3 f5 23. exf5 Bxf5 24. Be4 Qc8 25. Re1 Rc4 26. h4 Rd4 27. Qb1 Bxe4 28. Nxe4 Rxd5 29. Ng5 Qf5 30. Qa2 Ne7 31. Rd1 e4 32. Bxd6 Kh8 33. Rxd5 Qxf2+ 34. Kh2 Qxh4+ 35.
Nh3 Nxd5 36. Bxf8 Nf6 37. Qf7 Ng4+ 38. Kh1 Qe1+ 39. Ng1 Qh4+ 40. Nh3 Qe1+ 41. Ng1 Qh4+ 42. Nh3 1/2-1/2

[Event "*** Titled Tuesday Blitz"]
[Site "Chess.com"]
[Date "2020.12.29"]
[Round "3"]
[White "seorobert1971"]
[Black "albi1999"]
[Result "1/2-1/2"]
[WhiteElo "2761"]
[BlackElo "2530"]
[TimeControl "180+1"]
[EndTime "10:28:40 PST"]
[Termination "Game drawn by repetition"]

1. e4 e5 2. Nf3 Nc6 3. Bb5 a6 4. Ba4 d6 5. c3 Bd7 6. Bc2 g6 7. d4 Bg7 8. O-O Nf6 9. Re1 O-O 10. h3 h6 11. Nbd2 Nh5 12. Nf1 Qf6 13. Be3 Rad8 14. N1h2 Nf4 15. Nf1 h5 16. Ng3 Rfe8 17.
Rb1 Bc8 18. a3 Ne7 19. Nh2 Bh6 20. Ne2 g5 21. Ng3 Qg6 22. Qf3 Kh8 23. Bxf4 gxf4 24. Nxh5 Rg8 25. Kh1 Nc6 26. d5 Nb8 27. Rg1 Nd7 28.
g3 Nf6 29. Nxf6 Qxf6 30. gxf4 Bxf4 31. Ng4 Qh4 32. Rg2 Rg5 33. Rbg1 Rdg8 34. Bd3 Bxg4 35. Rxg4 Rxg4 36. Rxg4 Rxg4 37. Qxg4 Qxf2 38. Qh5+ Kg7 39.
Qe2 Qg3 40. Qg2 Qxg2+ 41. Kxg2 Kh6 42. a4 a5 43. b3 b6 44. Be2 Kg5 45. Bg4 Kh4 46.
Kf3 f6 47. c4 Bd2 48. Bf5 Bb4 49.
Bg4 Bc5 50. Be6 Bd4 51. Bf5 Bc5 52. Be6 Bd4 53. Bf5 Bc5 54. Be6 1/2-1/2

[Event "*** Titled Tuesday Blitz"]
[Site "Chess.com"]
[Date "2020.12.29"]
[Round "3"]
[White "glebus008"]
[Black "kai_nov"]
[Result "1-0"]
[WhiteElo "2238"]
[BlackElo "2380"]
[TimeControl "180+1"]
[EndTime "10:28:40 PST"]
[Termination "glebus008 won on time"]

1. e4 c5 2. Nf3 Nc6 3. c3 Nf6 4. e5 Nd5 5. d4 cxd4 6. cxd4 d6 7.
Bc4 dxe5 8. Bxd5 Qxd5 9. Nc3 Qd6 10. d5 Nd8 11. O-O Bd7 12. Re1 f6 13. Qb3 Qb6 14. Qc2 e6 15. Be3 Qa5 16. Rad1 Bb4 17. dxe6 Bxe6 18.
Ne4 O-O 19. Re2 Rc8 20. Qd3 Bc4 21. Qc2 Ne6 22. Rd7 Qb5 23. Red2 Bxd2 24. Rxd2 Bxa2 25.
Qd1 Bb3 26. Qb1 Qb4 27. Rd7 f5 28. Nd6 Rcd8 29. Rxd8 Rxd8 30. Qxf5 Rxd6 31. h4 Qc5 32. Nxe5 Qc7 33. Qh5 g6 34. Qg4 1-0

[Event "*** Titled Tuesday Blitz"]
[Site "Chess.com"]
[Date "2020.12.29"]
[Round "3"]
[White "chescomhuynya"]
[Black "Jean-Claude_Vandal"]
[Result "1-0"]
[WhiteElo "2599"]
[BlackElo "2403"]
[TimeControl "180+1"]
[EndTime "10:28:41 PST"]
[Termination "chescomhuynya won on time"]

1. d4 d5 2. c4 c6 3. Nf3 Nf6 4. g3 Bf5 5. Nc3 e6 6. Nh4 Be4 7. f3 Bg6 8. Qb3 Qb6 9. Nxg6 hxg6 10. c5 Qc7 11. Bf4 Qc8 12. e4 Nbd7 13. Bd6 Be7 14. Bxe7 Kxe7 15. e5 Nh5 16. Rg1 b6 17. cxb6 axb6 18.
Rc1 Qb7 19. f4 Rhb8 20. Ne2 g5 21. fxg5 g6 22. g4 Ng7 23. Bg2 c5 24. Rf1 c4 25.
Qf3 Rf8 26. h4 Rxa2 27. h5 gxh5 28. gxh5 Nf5 29. Bh3 Rxb2 30. Bxf5 exf5 31. Qxf5 Qc6 32. h6 Qg6 33. Qxg6 fxg6 34. Nf4 Rxf4 35. Rxf4 Rh2 36.
Rb1 Rh1+ 37. Rf1 Rh4 38. Ke2 Nf8 39. Rxb6 Ne6 40. Rb7+ Ke8 41. Ra1 Nxd4+ 42. Kf2 Nc6 43. Ra8+ Nd8 44. Rbb8 d4 45. Rxd8+ Ke7 46. Rxd4 Rh2+ 47.
Kg3 Rh5 48. Kg4 Ke6 49. Rd6+ Kxe5 50. Rxg6 Rh1 51. Rg7 c3 52. Rc8 c2 53. Rxc2 Rg1+ 54. Kh5 Rh1+ 55. Kg6 Rg1 56. h7 Kd4 57. Rc8 Rxg5+ 58.
Kxg5 1-0

[Event "*** Titled Tuesday Blitz"]
[Site "Chess.com"]
[Date "2020.12.29"]
[Round "3"]
[White "maheswaran26"]
[Black "anon481216"]
[Result "0-1"]
[WhiteElo "2244"]
[BlackElo "2434"]
[TimeControl "180+1"]
[EndTime "10:28:41 PST"]
[Termination "anon481216 won by resignation"]

1. d4 Nf6 2. Nf3 e6 3. c4 d5 4.
g3 dxc4 5. Bg2 Nc6 6. O-O Rb8 7. a4 a6 8. Nc3 Bb4 9. Ne5 Nxe5 10. dxe5 Nd7 11.
Qd4 b5 12. Bc6 Bxc3 13. bxc3 Rb6 14. axb5 axb5 15. Bxd7+ Qxd7 16. Qc5 Qe7 17. Qxe7+ Kxe7 18. Ba3+ Kd7 19. Bc5 Rb8 20. Rfd1+ Kc6 21. Bb4 Bb7 22. f3 Rhd8 23. Kf2 Rxd1 24. Rxd1 Ra8 25. g4 Kb6 26.
Rd7 Bc8 27. Rxf7 c5 28. Bxc5+ Kxc5 29. Rxg7 b4 30. cxb4+ Kxb4 31. Ke3 c3 32. Rxh7 Ba6 33. Rc7 Bc4 34. Rb7+ Bb5 35. Rc7 Bc4 36. Rb7+ Ka3 37.
Rc7 Kb3 38. Rb7+ Ka2 39. Rc7 Ra4 40. Kd4 c2 0-1

[Event "*** Titled Tuesday Blitz"]
[Site "Chess.com"]
[Date "2020.12.29"]
[Round "3"]
[White "pavelalexandru07"]
[Black "ChessyInstinct"]
[Result "0-1"]
[WhiteElo "2286"]
[BlackElo "2516"]
[TimeControl "180+1"]
[EndTime "10:28:42 PST"]
[Termination "ChessyInstinct won on time"]

1. d4 d5 2. c4 c6 3. cxd5 cxd5 4. Nc3 Nf6 5. Bf4 Nc6 6. e3 a6 7. h3 e6 8. Bd3 Be7 9. Nf3 b5 10. Rc1 Bb7 11. O-O O-O 12. Ne5 Rc8 13. f3 Nxe5 14.
dxe5 Nh5 15. Bh2 Qb6 16. Qd2 Bc5 17. Rfe1 g6 18. g4 Ng7 19. Kg2 Rfd8 20. Nd1 Be7 21. a3 b4 22. a4 a5 23. b3 Rxc1 24. Qxc1 Rc8 25. Qd2 Qc7 26. f4 Qc1 27. Qe2 Bh4 28.
Rf1 Qa3 29. f5 exf5 30. gxf5 Qxb3 31. f6 Nh5 32. Nf2 d4+ 33. e4 Bxf2 34. Rxf2 Rc3 35. Bb5 d3 36. Qg4 Rc2 0-1

[Event "*** Titled Tuesday Blitz"]
[Site "Chess.com"]
[Date "2020.12.29"]
[Round "3"]
[White "Pedrada88"]
[Black "catzapto"]
[Result "1-0"]
[WhiteElo "2337"]
[BlackElo "2105"]
[TimeControl "180+1"]
[EndTime "10:28:42 PST"]
[Termination "Pedrada88 won by resignation"]

1. Nf3 c5 2. g3 Nf6 3. Bg2 Nc6 4.
O-O e6 5. c4 d5 6. cxd5 exd5 7. d4 cxd4 8. Nxd4 Bc5 9. Nb3 Be7 10.
Bg5 Be6 11. Nc3 h6 12. Bxf6 Bxf6 13. Nxd5 Bxd5 14. Bxd5 Bxb2 15. Rb1 Bf6 16. Nc5 Ne7 17. Bxb7 Qxd1 18. Rfxd1 Rd8 19. Ba6 O-O 20. Nd7 Rfe8 21. Nxf6+ gxf6 22. Rxd8 Rxd8 23. Rb7 Nc6 24. e3 Rd2 25.
Bb5 Ne5 26. Rxa7 Ng4 27. Bc4 Nxf2 28. Rxf7 Nh3+ 29. Kf1 Rc2 30. Bb3 Rf2+ 31. Ke1 Rxh2 32. Rxf6+ Kg7 33. Rc6 Ng5 34. Bd5 h5 35. a4 Rh3 36.
Kf2 Rh2+ 37. Kf1 Rd2 38. Rc5 Nh3 39. a5 Rd3 40. a6 Ra3 41. Rc7+ Kf6 42. a7 Ke5 43.
a8=Q Rxe3 44. Re7+ Kd4 45. Rxe3 Kxe3 46. Bg2 Ng5 47.
Qa3+ Kd4 48. Qb2+ Ke3 49. Qc1+ Kd3 50. Qxg5 h4 51. gxh4 Kc2 52. h5 Kd1 53. h6 Kc2 54. h7 Kb1 55. h8=Q Ka2 56. Qa5+ Kb1 1-0

[Event "*** Titled Tuesday Blitz"]
[Site "Chess.com"]
[Date "2020.12.29"]
[Round "3"]
[White "BrandonJacobson"]
[Black "1977Ivan"]
[Result "0-1"]
[WhiteElo "2918"]
[BlackElo "2709"]
[TimeControl "180+1"]
[EndTime "10:28:43 PST"]
[Termination "1977Ivan won by resignation"]

1. e4 c5 2. Nf3 e6 3. d4 cxd4 4. Nxd4 Nc6 5. Nc3 Qc7 6. a3 a6 7.
Be3 b5 8. Nxc6 Qxc6 9. Qd4 Bb7 10. Be2 Qd6 11. O-O Qxd4 12. Bxd4 Rc8 13. Bd3 Ne7 14. f4 Nc6 15. Be3 Na5 16. a4 b4 17. Ne2 Nc4 18. Bd4 Nd2 19. Rfe1 Nxe4 20. c3 f5 21. Rac1 Kf7 22.
a5 Be7 23. Ng3 d5 24. Nf1 Rhg8 25. Bxe4 dxe4 26. Ne3 b3 27. Kf2 g5 28. Be5 Rgd8 29. Red1 Rd3 30. Rxd3 exd3 31. Rd1 Be4 32. Nf1 Kg6 33. Nd2 Bc5+ 34. Kf1 gxf4 35. Bxf4 Bd5 36. c4 Be4 37. Nxb3 Bb4 38. Bd2 Rxc4 39. Ke1 Bd6 40. g3 e5 41. Be3 Rc2 42. Nd2 Bb4 43. Kf2 Bxa5 44. Kg1 Rxb2 45. g4 Bxd2 46. gxf5+ Kxf5 47. Bxd2 Bf3 48. Rf1 Rxd2 49. Rxf3+ Ke4 0-1

[Event "*** Titled Tuesday Blitz"]
[Site "Chess.com"]
[Date "2020.12.29"]
[Round "3"]
[White "Rozum_Ivan"]
[Black "1random"]
[Result "1-0"]
[WhiteElo "2745"]
[BlackElo "2431"]
[TimeControl "180+1"]
[EndTime "10:28:43 PST"]
[Termination "Rozum_Ivan won on time"]

1. c4 e6 2. Nc3 d5 3. d4 a6 4. cxd5 exd5 5. Nf3 Nf6 6. Bg5 Be6 7. e3 Nbd7 8. Bd3 c6 9. O-O h6 10. Bh4 g5 11. Bg3 Nh5 12. e4 Nxg3 13. hxg3 dxe4 14. Nxe4 Nf6 15. Re1 Nxe4 16. Bxe4 Qd6 17. d5 cxd5 18. Bxd5 O-O-O 19. Bxe6+ fxe6 20. Qb3 Bg7 21. Rxe6 Qd5 22. Re7 Qxb3 23. Rc1+ Qc3 24. bxc3 Rd7 25. Rxd7 Kxd7 26. Kf1 Rc8 27. c4 Kc6 28. Ke2 Re8+ 29. Kd3 Rd8+ 30.
Ke4 g4 31. Ne1 Rd2 32. Rc2 Rd1 33. Nd3 h5 34. Nf4 Rh1 35. Kf5 Bd4 36. Kg5 Rf1 37.
Kxh5 Bxf2 38. Kxg4 Be3 39. Kf5 Kc5 40. Ke4 Bc1 41. Nd3+ Kc6 42. Rxc1 Rf8 43. g4 Re8+ 44. Ne5+ Kc5 45. g5 1-0